cohdb
Replays
Latest Replays
All Replays
Popular Replays
Top Player Replays
Match Explorer
How It Works
Community
CoH3 Stats
Reddit
Sign in to upload your games and track your stats! →
Sign in with Steam
Match 41438768
Unlisted
Match 41438768
Overview
Messages
Build Orders
End
Kradschützen Motorcycle Team
Panzergrenadier Squad
Panzerpioneer Squad
Panzerpioneer Squad
Panzerpioneer Squad
Construct Light Support Kompanie
MG34 Team
Panzerjäger Mechanized Group
Combat Half-tracks
Panzerpioneer Squad
Fire Support Elements
Flakvierling Half-track
Vehicle Survival Package
2.5-tonne Medical Truck
Construct Panzerarmee Kommand
Flak 36 Anti-tank Gun Team
Assault Mechanized Group
Flak 36 Anti-tank Gun Team
(502) Bad Gateway
MagicBlue
0
0
Comments
sign in to comment!
No comments posted yet!